 Dungeon Crawl Stone Soup version 0.30-a0-1163-gf69bf04e7a (webtiles) character file.

Game seed: 13672814435311264737

225 juan097 the Insei (level 4, -2/37 HPs)
             Began as a Draconian Transmuter on Apr 28, 2023.
             Was a Believer of Ru.
             Slain by a hobgoblin
             ... wielding a +0 club
              (5 damage)
             ... on level 3 of the Dungeon.
             The game lasted 00:14:39 (4243 turns).

juan097 the Insei (Draconian Transmuter)            Turns: 4243, Time: 00:14:40

Health: -2/37      AC:  5    Str: 12    XL:     4   Next: 68%
Magic:  7/7        EV: 12    Int: 14    God:    Ru [**....]
Gold:   182        SH:  0    Dex: 13    Spells: 1/7 levels left

rFire   . .          .
                       - Unarmed
rCold   . . .        (no shield)
rNeg    . . .        (body armour unavailable)
rPois   .            (helmet restricted)
rElec   .            n - scarf {shadows}
rCorr   .            (no gloves)
SInv    .            (no boots)
Will    +....        p - amulet of faith
Stlth   ++           c - ring of willpower
HPRegen 0.26/turn    (no ring)
MPRegen 0.10/turn

%: faith
@: no status effects
A: AC +5, unfitting armour, cold-blooded, inexperienced 1, missing an eye
a: Renounce Religion


You were on level 3 of the Dungeon.
You worshipped Ru.
Ru was pleased with you.
You visited 1 branch of the dungeon, and saw 3 of its levels.

You collected 325 gold pieces.
You spent 143 gold pieces at shops.

Inventory:

Hand Weapons
 b - a +0 sling
Missiles
 h - a throwing net
 m - 9 poisoned darts
Armour
 n - a scarf of shadows (worn)
Jewellery
 c - a ring of willpower (left hand)
 p - an amulet of faith (around neck)
Scrolls
 d - 2 scrolls of enchant weapon {unknown}
 f - 5 scrolls of identify {unknown}
 g - a scroll of enchant armour {unknown}
 j - a scroll of fog {unknown}
 l - 2 scrolls of teleportation {unknown}
 o - a scroll of magic mapping {unknown}
 q - 3 scrolls of fear {unknown}
Potions
 a - 4 potions of lignification
 e - a potion of berserk rage {unknown}
 i - a potion of flight {unknown}
 r - a potion of haste {unknown}
 s - 2 potions of curing {unknown}


   Skills:
 + Level 2.6 Fighting
 + Level 2.7 Dodging
 + Level 1.1 Stealth
 * Level 4.7 Unarmed Combat
 - Level 2.0 Spellcasting
 * Level 2.9 Transmutations
 + Level 0.3 Poison Magic


You had one spell level left.
You knew the following spells:

 Your Spells              Type           Power      Damage    Failure   Level
a - Beastly Appendage     Tmut           18%        N/A       7%          1
b - Wereblood             Tmut           9%         N/A       11%         2
c - Spider Form           Tmut/Pois      6%         N/A       34%         3

Your spell library contained the following spells:

 Spells                   Type           Power      Damage    Failure   Level
 Kiss of Death            Conj/Necr      4%         2d5       24%         1
 Confusing Touch          Hex            1%         N/A       56%         3
 Ice Form                 Ice/Tmut       5%         N/A       78%         4
 Blade Hands              Tmut           4%         N/A       89%         5
 Dispel Undead            Necr           1%         3d6       93%         4
 Irradiate                Conj/Tmut      2%         3d12      98%         5
 Dragon Form              Tmut           4%         N/A       100%        7


Dungeon Overview and Level Annotations

Branches:
Dungeon (3/15)

Altars:
Nemelex Xobeh
Ru

Shops:
D:1 !


Innate Abilities, Weirdness & Mutations

Your plain brown scales are hard. (AC +5)
You cannot fit into any form of body armour.
You are cold-blooded and may be slowed by cold attacks.
You are somewhat inexperienced. (-1 XL)
You are missing an eye, making it more difficult to aim.


Message History

The hobgoblin attacks as you move away! The hobgoblin misses you.
You see here a +0 club.
The goblin wields a +0 sling.
The goblin shoots a sling bullet.
The sling bullet hits you.
* * * LOW HITPOINT WARNING * * *
Things that are here:
a +0 club; a +0 sling
Items here: ))))).
You closely miss the hobgoblin.
Your tail-slap misses the hobgoblin.
The hobgoblin is heavily wounded.
The goblin is stunned by your conviction and fails to attack.
The hobgoblin barely misses you.
You closely miss the hobgoblin.
Your tail-slap misses the hobgoblin.
Your punch misses the hobgoblin.
The hobgoblin is heavily wounded.
The hobgoblin hits you with a +0 club.
* * * LOW HITPOINT WARNING * * *
You miss the hobgoblin.
The hobgoblin is heavily wounded.
You hit the hobgoblin.
The hobgoblin is almost dead.
The hobgoblin closely misses you.
You miss the hobgoblin.
The hobgoblin is almost dead.
The hobgoblin misses you.
You miss the hobgoblin.
The hobgoblin is almost dead.
The hobgoblin closely misses you.
You miss the hobgoblin.
The hobgoblin is almost dead.
The hobgoblin hits you with a +0 club.
* * * LOW HITPOINT WARNING * * *
You barely miss the hobgoblin.
The hobgoblin is almost dead.
The hobgoblin hits you with a +0 club.
* * * LOW HITPOINT WARNING * * *
You closely miss the hobgoblin.
The hobgoblin is almost dead.
The hobgoblin hits you with a +0 club.
You die...

#.# #.# #.# #### #.# #.# #.# ...#
#.# #.##########.#
##.###.#########............#
#...............############
##.###.#########.# ##### ...#
#.#########.### #....
.#####.............# #.###
....############@#.# #.# .##)#
#g#.##########.#
.#..############g#.>..........###
..............)gg................
......÷.))......g................
~~~~.~..~....~~~.~~.~~~~~~~~~~~.~
~≈≈≈~~~~......~~~≈~~~~≈~≈≈~≈~~≈~~
≈≈≈≈≈~≈~~.....~≈≈≈≈≈≈≈≈≈≈≈≈≈≈≈≈≈≈
≈≈≈≈≈≈≈~~.....≈≈≈≈≈≈≈≈≈≈≈≈≈≈≈≈≈≈≈


You could see a hobgoblin and 4 goblins.

Vanquished Creatures
  7 gnolls
  An adder (D:2)
  4 worms
  A dart slug (D:1)
  2 orcs (D:3)
  5 endoplasms
  A giant cockroach (D:1)
  21 goblins
  32 hobgoblins
  9 jackals (D:1)
  8 kobolds
  6 quokkas
  3 ball pythons
  6 bats
  5 frilled lizards
  9 rats
120 creatures vanquished.

Vanquished Creatures (others)
  2 hobgoblins (D:3)
2 creatures vanquished.

Grand Total: 122 creatures vanquished

Notes
Turn   | Place    | Note
-------+----------+-------------------------------------------
     0 | D:1      | juan097 the Draconian Transmuter began the quest for the
                  | Orb.
     0 | D:1      | Reached XP level 1. HP: 16/16 MP: 3/3
    92 | D:1      | Found Wyth's Distillery.
   146 | D:1      | Reached XP level 2. HP: 21/23 MP: 3/5
   241 | D:1      | Learned a level 2 spell: Wereblood
   263 | D:1      | Found a faded altar of an unknown god.
   279 | D:1      | Prayed at the altar of an unknown god.
   279 | D:1      | Became a worshipper of Ru the Awakened
   281 | D:1      | Gained mutation: You are missing an eye, making it more
                  | difficult to aim. [Ru sacrifice]
   281 | D:1      | Reached * piety under Ru
   510 | D:1      | Reached XP level 3. HP: 26/29 MP: 4/6
   966 | D:1      | Bought a potion of might for 52 gold pieces
  1548 | D:2      | Reached skill level 4 in Unarmed Combat
  1947 | D:1      | Bought a potion of heal wounds for 65 gold pieces
  1947 | D:1      | Bought 2 potions of degeneration for 26 gold pieces
  2044 | D:3      | Reached XP level 4. HP: 36/36 MP: 5/7
  2569 | D:3      | Found a sparkling altar of Nemelex Xobeh.
  3404 | D:3      | Reached XP level 5. HP: 17/42 MP: 5/8
  3588 | D:3      | Gained mutation: You are somewhat inexperienced. (-1 XL)
                  | [Ru sacrifice]
  3588 | D:3      | Reached XP level 4. HP: 37/37 MP: 7/7
  3588 | D:3      | Reached ** piety under Ru
  3624 | D:3      | Learned a level 3 spell: Spider Form
  4020 | D:3      | Reached skill level 1 in Stealth
  4243 | D:3      | Slain by a hobgoblin

Illustrated notes

Levels and vault maps discovered:
D:1:      dpeg_arrival_rooms_a, layout_loops_ring,
          hellmonk_ecumenical_altar_dog_temple, serial_shops, shop,
          minmay_misc_feat_tower, minmay_hedge_maze
D:2:      layout_basic, roderic_serpentine_path, minivault_27
D:3:      minmay_goblin_kobold_castle, layout_loops_ring,
          nemelex_diamond_rough_becter

Skill      XL: |  1  2  3  4 |
---------------+-------------+-----
Dodging        | 2 |  2.7
Fighting       | 2 |  2.6
Unarmed Combat | 4 |  4.7
Stealth        | 1 |  1.1
Spellcasting   | |  2.0
Transmutations | |  2.9
Poison Magic   | |  0.3

Action                     |  1- 3 |  4- 6 || total
---------------------------+-------+-------++-------
  Melee: Unarmed           |   153 |   283 ||   436
         Tailslap          |    13 |    19 ||    32
         Kick              |    13 |    23 ||    36
         Headbutt          |     6 |    11 ||    17
         Punch             |     2 |     2 ||     4
   Fire: Sling             |    12 |    63 ||    75
  Throw: Dart              |     6 |       ||     6
         Throwing net      |       |     1 ||     1
   Cast: Beastly Appendage |    17 |    19 ||    36
         Wereblood         |     3 |    11 ||    14
 Invoke: Sacrifice an Eye  |     1 |       ||     1
         Sacrifice Experie |       |     1 ||     1
    Use: Potion            |       |     3 ||     3
   Stab: Sleeping          |     2 |       ||     2
         Invisible         |       |     1 ||     1
 Armour: Skin              |    37 |    74 ||   111
  Dodge: Dodged            |    82 |   174 ||   256

Table legend: (Time is in decaauts)
 A = Elapsed time spent in this place.
 B = Non-inter-level travel time spent in this place.
 C = Inter-level travel time spent in this place.
 D = Time resting spent in this place.
 E = Time spent auto-exploring this place.
 F = Levels seen in this place.
 G = Mean time per level.
                   A        B        C        D        E       F      G
               +--------+--------+--------+--------+--------+-----+--------+
         Total |   4212 |   3927 |    285 |      0 |   2651 |   3 | 1404.0 |
       Dungeon |   4212 |   3927 |    285 |      0 |   2651 |   3 | 1404.0 |
               +--------+--------+--------+--------+--------+-----+--------+

Top non-repeatable levels by time:
     D:3: 2012 daAuts
     D:2: 1119 daAuts
     D:1: 1080 daAuts
